 Dungeon Crawl Stone Soup version 0.27-a0-1196-g3e9cee4cb2 (webtiles) character file.

Game seed: 16505727044452056014

3157 Morbidden the Destroyer (level 9, -1/71 HPs)
             Began as a Demigod Conjurer on May 29, 2021.
             Slain by a cyclops (15 damage)
             ... on level 7 of the Dungeon.
             The game lasted 00:12:45 (9244 turns).

Morbidden the Destroyer (Demigod Conjurer)          Turns: 9244, Time: 00:12:46

Health: -1/71      AC:  8    Str: 12    XL:     9   Next: 36%
Magic:  0/23       EV: 11    Int: 28    God:
Gold:   519        SH:  0    Dex: 12    Spells: 15/22 levels left

rFire    . . .     SeeInvis .   a - +0 dagger (venom)
rCold    . . .     Faith    .   (no shield)
rNeg     + . .     Spirit   +   F - +0 acid dragon scales
rPois    .         Reflect  .   (no helmet)
rElec    .         Harm     .   (no cloak)
rCorr    +         Rampage  .   i - +0 pair of gloves
Will     .....                  E - +0 pair of boots
Stlth    ++........             c - amulet of guardian spirit
HPRegen  0.21/turn              l - ring of positive energy
MPRegen  0.18/turn              (no ring)

@: no status effects
A: high mp 1, forlorn
a: no special abilities


You were on level 7 of the Dungeon.
You visited 2 branches of the dungeon, and saw 8 of its levels.

You collected 519 gold pieces.

Inventory:

Hand Weapons
 a - a +0 dagger of venom (weapon)
 b - a +0 short sword of speed
Missiles
 B - 14 boomerangs of dispersal
Armour
 i - a +0 pair of gloves (worn)
 E - a +0 pair of boots (worn)
 F - +0 acid dragon scales (worn)
Jewellery
 c - an amulet of guardian spirit (around neck)
 l - a ring of positive energy (left hand)
Wands
 o - a wand of mindburst (5)
 y - a wand of flame (9)
Scrolls
 f - a scroll of acquirement {unknown}
 g - a scroll of blinking
 h - 2 scrolls of identify
 m - a scroll of immolation {unknown}
 n - a scroll of summoning {unknown}
 p - a scroll of brand weapon {unknown}
 r - a scroll of magic mapping
 s - a scroll of fear
 t - a scroll of amnesia
 u - a scroll of holy word {unknown}
 w - a scroll of fog {unknown}
 x - a scroll of silence {unknown}
 z - a scroll of teleportation {unknown}
 A - a scroll of enchant armour {unknown}
 C - a scroll of enchant weapon
Potions
 d - a potion of flight
 j - 3 potions of heal wounds
 k - 3 potions of curing
 q - 3 potions of attraction
 v - a potion of lignification {unknown}
 D - a potion of degeneration {unknown}


   Skills:
 * Level 3.8 Fighting
 + Level 2.1 Short Blades
 + Level 2.5 Dodging
 + Level 2.8 Stealth
 * Level 7.0 Spellcasting
 * Level 8.1 Conjurations
 * Level 3.3 Translocations
 + Level 1.2 Evocations


You had 15 spell levels left.
You knew the following spells:

 Your Spells              Type           Power      Damage    Failure   Level
a - Magic Dart            Conj           100%       1d8       1%          1
b - Searing Ray           Conj           100%       3d7       1%          2
c - Iskenderun's Mystic   Conj/Tloc      42%        2d10      8%          4

Your spell library contained the following spells:

 Spells                   Type           Power      Damage    Failure   Level
 Dazzling Flash           Conj/Hex       64%        N/A       4%          3
 Gell's Gravitas          Tloc           14%        N/A       6%          3
 Fulminant Prism          Conj/Hex       16%        3d11      16%         4
 Confusing Touch          Hex            9%         N/A       24%         3
 Petrify                  Tmut/Erth      9%         N/A       63%         4
 Metabolic Englaciation   Hex/Ice        4%         N/A       92%         5
 Yara's Violent Unravell  Hex/Tmut       4%         3d4       92%         5


Dungeon Overview and Level Annotations

Branches:
Dungeon (7/15)             Temple (1/1) D:7

Shops:
D:5 *(


Innate Abilities, Weirdness & Mutations

Your attributes grow dramatically as you level up.
You have an increased reservoir of magic. (+10% MP)
You shall have no god before yourself.


Message History

Casting: Searing Ray (safe; 1% risk of failure)
Confirm with . or Enter, or press ? or * to list all spells.
Aiming: Magic Dart (safe; 1% risk of failure)
Press: ? - help, Shift-Dir - straight line, f - cyclops
Aim: a cyclops, quivering large rocks (wandering, hasn't noticed you, 100% to hit)
The magic dart hits the cyclops.
The cyclops is lightly wounded.
Unknown command.
You start resting.
Magic restored.
You start waiting.
A cyclops is nearby!
The cyclops hits you!
Casting: Magic Dart (safe; 1% risk of failure)
Confirm with . or Enter, or press ? or * to list all spells.
Aiming: Searing Ray (safe; 1% risk of failure)
Press: ? - help, Shift-Dir - straight line, f/p - cyclops
Aim: a cyclops, quivering large rocks (98% to hit)
The searing ray hits the cyclops!
The cyclops is lightly wounded. (Press . to maintain the ray.)
The cyclops hits you!!
The searing ray hits the cyclops.
The cyclops is moderately wounded.
The cyclops hits you.
Unknown command.
The searing ray hits the cyclops!
The cyclops is heavily wounded.
Unknown command.
The searing ray hits the cyclops!
The cyclops is heavily wounded.
You finish channeling your searing ray.
The cyclops hits you!!
* * * LOW HITPOINT WARNING * * *
Unknown command.
Unknown command.
Unknown command.
You hit the cyclops but do no damage.
The cyclops is heavily wounded.
The cyclops hits you!!
You die...

##..## #......#...#,,,,,* *,,,,
#..# #........#......,* *,,,,
#..## #........#.....,.****,***
#...# #......#...#..,.$,,,,,* *
##...####....#.......#...,<**,*
..(........#...........*,*,**,***
.......###......##.).,,,,*,,,,,,,
.......##...#...C#)##,,,*****,***
##...####.#####.@).#*,*,,,,,,,* *
#...## #........####.#******** *
#....###.............# *
#.#.#.##.#...##.###### *
#...........###.# *
#.#.#.##.######.#
##...###.#......#
##.#*##.#.###### #.###....##


You could see a cyclops.

Vanquished Creatures
  A two-headed ogre (D:5)
  Maggie (D:7)
  Duvessa (D:7)
  An ice beast (D:6)
  A sky beast (D:6)
  3 black bears
  An ogre (D:5)
  A centaur (D:5)
  A phantom (D:6)
  3 kobold brigands
  2 bullfrogs (D:7)
  A scorpion (D:5)
  Dowan (D:7)
  A centaur zombie (D:6)
  A bullfrog zombie (D:5)
  2 gnoll shamans
  A jelly (D:5)
  2 orc priests
  A bullfrog skeleton (D:5)
  4 hounds
  2 centaur skeletons
  A scorpion zombie (D:5)
  An iguana (D:5)
  8 orc wizards
  A hound skeleton (D:5)
  4 adders
  9 gnolls
  2 shadow imps
  2 white imps
  An ufetubus (D:4)
  3 worms
  3 dart slugs
  26 orcs
  7 endoplasms
  A giant cockroach (D:2)
  A goblin (D:2)
  3 hobgoblins
  6 jackals
  24 kobolds
  2 quokkas
  7 ball pythons
  8 bats
  5 frilled lizards
  3 rats
160 creatures vanquished.

Notes
Turn   | Place    | Note
-------+----------+-------------------------------------------
     0 | D:1      | Morbidden the Demigod Conjurer began the quest for the Orb.
     0 | D:1      | Reached XP level 1. HP: 14/14 MP: 5/5
   560 | D:1      | Reached skill level 4 in Conjurations
   771 | D:1      | Reached XP level 2. HP: 20/20 MP: 4/7
   830 | D:1      | Learned a level 2 spell: Searing Ray
  1411 | D:2      | Reached XP level 3. HP: 27/27 MP: 4/8
  1723 | D:2      | Reached XP level 4. HP: 34/34 MP: 4/9
  2055 | D:2      | Reached skill level 5 in Conjurations
  3367 | D:3      | Reached skill level 1 in Fighting
  3411 | D:3      | Reached XP level 5. HP: 40/40 MP: 0/12
  4952 | D:5      | Entered Level 5 of the Dungeon
  4952 | D:5      | Noticed an ogre
  4955 | D:5      | Noticed a two-headed ogre
  4957 | D:5      | Reached XP level 6. HP: 43/47 MP: 7/14
  5008 | D:4      | Learned a level 4 spell: Iskenderun's Mystic Blast
  5324 | D:5      | Reached skill level 6 in Conjurations
  5662 | D:5      | Found Tothruuke's Assorted Antiques.
  5763 | D:5      | Found Voagosk's Weapon Shop.
  6024 | D:5      | Reached XP level 7. HP: 53/53 MP: 8/16
  6084 | D:5      | Reached skill level 1 in Translocations
  6611 | D:5      | Killed a two-headed ogre
  6612 | D:5      | Reached skill level 1 in Short Blades
  6612 | D:5      | Reached skill level 5 in Spellcasting
  6612 | D:5      | Reached skill level 7 in Conjurations
  6612 | D:5      | Reached skill level 1 in Evocations
  6612 | D:5      | Reached XP level 8. HP: 43/62 MP: 0/19
  8125 | D:6      | Reached XP level 9. HP: 70/70 MP: 14/22
  8566 | D:7      | Noticed Maggie
  8576 | D:7      | Killed Maggie
  8577 | D:7      | Reached skill level 8 in Conjurations
  8636 | D:7      | Found a staircase to the Ecumenical Temple.
  8644 | Temple   | Entered the Ecumenical Temple
  8842 | D:7      | Noticed Dowan
  8852 | D:7      | Killed Dowan
  8857 | D:7      | Noticed Duvessa
  8876 | D:7      | Killed Duvessa
  9197 | D:7      | Noticed a cyclops
  9244 | D:7      | Slain by a cyclops

Illustrated notes

Levels and vault maps discovered:
D:1:      minmay_arrival_doors, layout_loops_corners,
          wander_ebering_terrifying_dragon_lair
D:2:      layout_basic, ebering_ecumenical_altar_sacrificial, kennysheep_path_1
D:3:      layout_loops_ring, amethyst_killhole
D:4:      layout_basic, amcnicky_altar_gilded, general_overflow_altar,
          grunt_temple_overflow_open, minmay_crystal_room
D:5:      black_bear_nest_2, layout_gridville, serial_shops, nicolae_shop_trees,
          nicolae_shop_statue_plus
D:6:      minmay_recursive_quarters, layout_cave_pods, minmay_unpleasant_kobolds
D:7:      layout_loops_ring, grunt_gozag_breadcrumbs,
          lemuel_coloured_pillars_altar, minmay_temple_entry_glassed_door,
          minmay_misc_feat_more_columns, uniq_pikel, uniq_maggie, uniq_duvessa
Temple:   cyrus_circular_temple

Skill      XL: |  1  2  3  4  5  6  7  8  9 |
---------------+----------------------------+-----
Conjurations   | 4 5 6 7 8 |  8.1
Spellcasting   | 2 3 4 5 6 7 |  7.0
Fighting       | 1 2 3 |  3.8
Stealth        | 2 |  2.8
Translocations | 2 3 |  3.3
Dodging        | 2 |  2.5
Short Blades   | 1 2 |  2.1
Evocations     | 1 |  1.2

Action                   |  1- 3 |  4- 6 |  7- 9 || total
-------------------------+-------+-------+-------++-------
Melee: Short sword       |       |    40 |       ||    40
       Dagger            |       |       |     8 ||     8
 Cast: Magic Dart        |    54 |    87 |    79 ||   220
       Searing Ray       |     3 |    28 |    37 ||    68
       Iskenderun's Myst |       |     2 |     8 ||    10
Evoke: Wand              |       |     6 |       ||     6
  Use: Potion            |       |       |     6 ||     6
       Scroll            |       |       |     5 ||     5
Armor: Robe              |     2 |     8 |     7 ||    17
       Acid dragon scale |       |       |     5 ||     5
Dodge: Dodged            |     3 |    26 |    35 ||    64

Table legend: (Time is in decaauts)
 A = Elapsed time spent in this place.
 B = Non-inter-level travel time spent in this place.
 C = Inter-level travel time spent in this place.
 D = Time resting spent in this place.
 E = Time spent auto-exploring this place.
 F = Levels seen in this place.
 G = Mean time per level.
                   A        B        C        D        E       F      G
               +--------+--------+--------+--------+--------+-----+--------+
         Total |   9230 |   9012 |    218 |    409 |   7553 |   8 | 1153.8 |
       Dungeon |   9229 |   9011 |    218 |    409 |   7553 |   7 | 1318.4 |
        Temple |      1 |      1 |      0 |      0 |      0 |   1 |    1.0 |
               +--------+--------+--------+--------+--------+-----+--------+

Top non-repeatable levels by time:
     D:5: 1714 daAuts
     D:6: 1685 daAuts
     D:1: 1385 daAuts
     D:2: 1240 daAuts
     D:4: 1229 daAuts
     D:3: 1159 daAuts
     D:7: 815 daAuts
  Temple: 1 daAuts
